 Dungeon Crawl Stone Soup version 0.24.0-123-gd5b16e6ec5 (webtiles) character file.

Game seed: 543696955881011691, levelgen mode: deterministic

296 Curus the Chopper (level 6, -1/51 HPs)
             Began as a Hill Orc Abyssal Knight on Feb 3, 2020.
             Was a Believer of Lugonu.
             Slain by an orc warrior
             ... wielding a +0 hand axe
              (13 damage)
             ... on level 3 of the Dungeon.
             The game lasted 00:10:22 (2305 turns).

Curus the Chopper (Hill Orc Abyssal Knight)         Turns: 2305, Time: 00:10:23

Health: -1/51      AC:  7    Str: 15    XL:     6   Next: 35%
Magic:  10/10      EV: 10    Int: 12    God:    Lugonu [**....]
Gold:   86         SH:  0    Dex: 12    Spells: 5/5 levels left

rFire    . . .     SeeInvis .   a - +2 hand axe
rCold    . . .     Gourm    .   (no shield)
rNeg     . . .     Faith    .   f - +0 ring mail
rPois    .         Spirit   .   (no helmet)
rElec    .         Reflect  .   d - +1 cloak
rCorr    .         Harm     .   (no gloves)
MR       .....     Rnd*Tele +   (no boots)
Stlth    +.........             (no amulet)
HPRegen  0.17/turn              i - ring of teleportation (curse)
MPRegen  0.12/turn              (no ring)

@: no status effects
A: no striking features
a: Depart the Abyss, Bend Space, Renounce Religion


You were on level 3 of the Dungeon.
You worshipped Lugonu.
Lugonu was pleased with you.
You were hungry.

You visited 1 branch of the dungeon, and saw 3 of its levels.
You visited the Abyss 1 time.

You collected 86 gold pieces.

Inventory:

Hand Weapons
 a - a +2 hand axe (weapon)
Armour
 b - a +0 leather armour
 d - a +1 cloak (worn)
 f - a +0 ring mail (worn)
Jewellery
 i - a cursed ring of teleportation (left hand)
Wands
 h - a wand of random effects (13)
Scrolls
 e - a scroll of teleportation
 g - 2 scrolls of identify
 j - a scroll of amnesia
Potions
 k - 2 potions of haste
 l - a potion of curing
Comestibles
 c - 4 rations
 m - a chunk of flesh


   Skills:
 - Level 3.6 Fighting
 + Level 6.3 Axes
 - Level 2.1 Armour
 - Level 0.7 Dodging
 + Level 6.2 Invocations


You had 5 spell levels left.
You didn't know any spells.
Your spell library was empty.

Dungeon Overview and Level Annotations

Branches:
Dungeon (3/15)

Altars:
Wu Jian


Message History

You kill the frilled lizard!
Lugonu accepts your kill.
The centaur shoots an arrow.
The arrow hits you but does no damage.
You hit the orc warrior.
The orc warrior is lightly wounded.
The orc warrior hits you with a +0 hand axe!
You hit the orc warrior but do no damage.
The orc warrior is lightly wounded.
The orc warrior closely misses you.
You hit the orc warrior but do no damage.
The orc warrior is lightly wounded.
The orc warrior barely misses you.
You hit the orc warrior.
The orc warrior is moderately wounded.
The orc warrior hits you with a +0 hand axe!
* * * LOW HITPOINT WARNING * * *
You hit the orc warrior but do no damage.
The orc warrior is moderately wounded.
The orc warrior hits you with a +0 hand axe!
You die...

)........#######....#+#..
#####..#.# ##..## #
#..#.# #..# #
#..#.########.## #
#.............# #
#..#.#######..# # #.<#.#
#.####### # #..#.#
####.#...... # #..#.#
#...@oc..... #####.÷#.#
#.##†#...... .........# #
#.# ##### #####..### #..
##...## #.. #.....# #..#
##≈≈≈≈≈≈≈# #...
≈≈≈≈≈≈≈≈≈≈≈ ....
≈≈≈≈≈≈≈≈≈≈≈≈≈


You could see an orc warrior and a centaur.

Vanquished Creatures
  Sigmund (D:3)
  An orc priest (D:3)
  Jessica (D:3)
  4 adders
  An ooze (D:2)
  A dart slug (D:2)
  4 orcs (D:3)
  2 giant cockroaches (D:2)
  10 goblins
  5 hobgoblins
  4 jackals (D:2)
  2 kobolds (D:2)
  2 quokkas
  7 bats
  2 frilled lizards
  A rat (D:2)
48 creatures vanquished.

Notes
Turn   | Place    | Note
-------+----------+-------------------------------------------
     0 | Abyss:1  | Curus the Hill Orc Abyssal Knight began the quest for the
                  | Orb.
     0 | Abyss:1  | Reached XP level 1. HP: 19/19 MP: 2/2
    18 | D:1      | Escaped the Abyss
   958 | D:2      | Reached XP level 2. HP: 25/26 MP: 4/4
  1091 | D:2      | Reached XP level 3. HP: 12/31 MP: 5/5
  1655 | D:3      | Noticed Jessica
  1659 | D:3      | Reached ** piety under Lugonu
  1662 | D:3      | Reached XP level 4. HP: 36/39 MP: 7/7
  1675 | D:3      | Killed Jessica
  1675 | D:3      | Reached skill level 5 in Axes
  1682 | D:3      | Reached XP level 5. HP: 6/45 MP: 8/8
  1684 | D:3      | Reached skill level 5 in Invocations
  1973 | D:3      | Found an ornate altar of the Wu Jian Council.
  2113 | D:3      | Noticed Sigmund
  2125 | D:3      | Killed Sigmund
  2125 | D:3      | Reached XP level 6. HP: 45/51 MP: 8/10
  2288 | D:3      | Noticed an orc warrior
  2305 | D:3      | Slain by an orc warrior

Levels and vault maps discovered:
D:1:      mrwooster_arrival_statue, layout_basic
D:2:      layout_basic
D:3:      wander_river, layout_loops_ring, lemuel_crystal_altar,
          minmay_divided_ellipse, uniq_sigmund, uniq_jessica

Skill      XL: |  1  2  3  4  5 |
---------------+----------------+-----
Axes           | 3 4 5 6 |  6.3
Invocations    | 3 4 6 |  6.2
Fighting       | |  3.6
Armour         | |  2.1
Dodging        | |  0.7

Action                   |  1- 3 |  4- 6 || total
-------------------------+-------+-------++-------
Melee: Hand axe          |   140 |    58 ||   198
  Use: Scroll            |     8 |       ||     8
       Potion            |     5 |     1 ||     6
  Eat: Chunk             |     2 |     2 ||     4
Armor: Leather armour    |     2 |       ||     2
       Ring mail         |    75 |    16 ||    91
Dodge: Dodged            |    87 |    28 ||   115
